UAA
TACOMA FUR TRADERS @ DURHAM RAPIERS
07/29/2017
 
TOP OF THE 1ST
Irving Blue Sox batting - Pitching for Richland Rails : LHP Joe Kehoe
Pitching: LHP Joe Kehoe
Batting: RHB Daniel Molina 0-0: Called Strike
0-1: Ball
1-1: Ball
2-1: Swinging Strike
2-2: Ball
3-2: Strikes out swinging
Batting: RHB Pat Lugo 0-0: Ball
1-0: Fly out, F8 (Flyball, 8LM)
Batting: RHB Nathan Norris 0-0: Called Strike
0-1: Called Strike
0-2: Strikes out looking
Top of the 1st over - 0 run(s), 0 hit(s), 0 error(s), 0 left on base; Irving 0 - Richland 0
BOTTOM OF THE 1ST
Richland Rails batting - Pitching for Irving Blue Sox : LHP Jim Unknown
Pitching: LHP Jim Unknown
Batting: LHB Todd Williams 0-0: Called Strike
0-1: Ball
1-1: Ball
2-1: Fly out, F7 (Flyball, 78S)
Batting: LHB Chris Stoltzfus 0-0: Foul Ball, location: 2F
0-1: Foul Ball, location: 2F
0-2: Ball
1-2: Ball
2-2: Foul Ball, location: 2F
2-2: Ball
3-2: SINGLE (Line Drive, 34D)
Batting: RHB Archie Green 0-0: Called Strike
0-1: Fly out, F8 (Line Drive, 8RM)
Batting: RHB Larry Brown 0-0: Swinging Strike
0-1: Ball
Chris Stoltzfus steals 2nd base
1-1: Foul Ball, location: 2F
1-2: Ball
2-2: Fly out, F8 (Flyball, 8RM)
Bottom of the 1st over - 0 run(s), 1 hit(s), 0 error(s), 1 left on base; Irving 0 - Richland 0
TOP OF THE 2ND
Irving Blue Sox batting - Pitching for Richland Rails : LHP Joe Kehoe
Batting: RHB Dustin Johnstone 0-0: Ball
1-0: Foul Ball, location: 2F
1-1: Ball
2-1: Ball
3-1: Base on Balls
Batting: RHB Jim Unknown 0-0: Ball
1-0: Fly out, F1 (Line Drive, 13)
Batting: RHB Thomas Morris 0-0: Foul Ball, location: 2F
0-1: Ball
1-1: Ball
2-1: Called Strike
2-2: Fielders Choice at 2nd, 1-6 (Groundball, 15)
Batting: LHB Mathew Rose 0-0: Ball
1-0: SINGLE (Groundball, 34D)
Thomas Morris to second
Runner from 2nd tries for 3rd, SAFE, no throw or cutoff
Batting: SHB Ron Peterson 0-0: Ground out 4-3 (Groundball, 4)
Top of the 2nd over - 0 run(s), 1 hit(s), 0 error(s), 2 left on base; Irving 0 - Richland 0
BOTTOM OF THE 2ND
Richland Rails batting - Pitching for Irving Blue Sox : LHP Jim Unknown
Batting: RHB Gustavo Berrios 0-0: SINGLE (Flyball, 9M) - OUT at second base trying to stretch hit.
Batting: RHB Andrew Hall 0-0: Fly out, F8 (Flyball, 8RM)
Batting: SHB Shelby Reusch 0-0: Called Strike
0-1: Fly out, F8 (Flyball, 8LM)
Bottom of the 2nd over - 0 run(s), 1 hit(s), 0 error(s), 0 left on base; Irving 0 - Richland 0
TOP OF THE 3RD
Irving Blue Sox batting - Pitching for Richland Rails : LHP Joe Kehoe
Batting: RHB Tony Quintana 0-0: Ball
1-0: Swinging Strike
1-1: Foul Ball, location: 2F
1-2: Ball
2-2: Foul Ball, location: 2F
2-2: Ball
3-2: Foul Ball, location: 2F
3-2: Strikes out swinging
Batting: RHB Daniel Molina 0-0: Ball
1-0: Called Strike
1-1: Called Strike
1-2: Foul Ball, location: 2F
1-2: Ball
2-2: Foul Ball, location: 2F
2-2: Ball
3-2: Base on Balls
Batting: RHB Pat Lugo 0-0: Called Strike
0-1: Called Strike
0-2: Strikes out swinging
Batting: RHB Nathan Norris 0-0: Ball
1-0: Foul Ball, location: 2F
1-1: Called Strike
1-2: Strikes out swinging
Top of the 3rd over - 0 run(s), 0 hit(s), 0 error(s), 1 left on base; Irving 0 - Richland 0
BOTTOM OF THE 3RD
Richland Rails batting - Pitching for Irving Blue Sox : LHP Jim Unknown
Batting: RHB Alexis Smeddon 0-0: Ball
1-0: Fly out, F8 (Flyball, 89M)
Batting: RHB Ramón Cruz 0-0: Called Strike
0-1: Ball
1-1: Reached on error, E2 (Groundball, 2L)
Batting: LHB Todd Williams 0-0: Foul Ball, location: 2F
0-1: Called Strike
0-2: Foul Ball, location: 2F
0-2: Ball
1-2: Ball
2-2: DOUBLE (Flyball, 89XD)
Ramón Cruz scores
Batting: LHB Chris Stoltzfus 0-0: Ball
1-0: Called Strike
Todd Williams is caught stealing 3rd base
1-1: Ball
2-1: Fly out, F5 (Popup, 5S)
Bottom of the 3rd over - 1 run(s), 1 hit(s), 1 error(s), 0 left on base; Irving 0 - Richland 1
TOP OF THE 4TH
Irving Blue Sox batting - Pitching for Richland Rails : LHP Joe Kehoe
Batting: RHB Dustin Johnstone 0-0: Ground out 4-3 (Groundball, 4)
Batting: RHB Jim Unknown 0-0: Foul Ball, location: 2F
0-1: Ball
1-1: Swinging Strike
1-2: Ball
2-2: Ball
3-2: Base on Balls
Batting: RHB Thomas Morris 0-0: Ball
1-0: Ball
2-0: Fly out, F6 (Popup, 6)
Batting: LHB Mathew Rose 0-0: Foul Ball, location: 2F
0-1: Ball
Jim Unknown steals 2nd base
1-1: Foul Ball, location: 2F
1-2: Foul Ball, location: 2F
1-2: Foul Ball, location: 2F
1-2: Ball
2-2: Ball
Wild Pitch!
Jim Unknown to third
3-2: SINGLE (Groundball, 4MD)
Jim Unknown scores
Batting: SHB Ron Peterson 0-0: Ball
1-0: Foul Ball, location: 2F
1-1: Ball
2-1: Foul Ball, location: 2F
2-2: Ball
3-2: Base on Balls
Mathew Rose to second
Batting: RHB Tony Quintana 0-0: Ball
1-0: Called Strike
1-1: Swinging Strike
1-2: Foul Ball, location: 2F
1-2: Strikes out looking
Top of the 4th over - 1 run(s), 1 hit(s), 0 error(s), 2 left on base; Irving 1 - Richland 1
BOTTOM OF THE 4TH
Richland Rails batting - Pitching for Irving Blue Sox : LHP Jim Unknown
Batting: RHB Archie Green 0-0: Foul Ball, location: 2F
0-1: Ball
1-1: Foul Ball, location: 2F
1-2: SOLO HOME RUN (Line Drive, 8LXD), Distance : 432 ft
Batting: RHB Larry Brown 0-0: SINGLE (Groundball, 4MD)
Batting: RHB Gustavo Berrios 0-0: Called Strike
0-1: Ball
1-1: Ground out 5-3 (Groundball, 5S)
Larry Brown to second
Batting: RHB Andrew Hall 0-0: Ball
1-0: Foul Ball, location: 2F
1-1: Ball
2-1: Called Strike
2-2: Foul Ball, location: 2F
2-2: Ball
3-2: DOUBLE (Line Drive, 9LS)
Larry Brown scores
Batting: SHB Shelby Reusch 0-0: Ball
1-0: SINGLE (Groundball, 6M)
Andrew Hall to third
Batting: RHB Alexis Smeddon 0-0: Hit by Pitch
Shelby Reusch to second
Batting: RHB Ramón Cruz 0-0: Grounds into double play, 6-4-3 (Groundball, 6)
Bottom of the 4th over - 2 run(s), 4 hit(s), 0 error(s), 2 left on base; Irving 1 - Richland 3
TOP OF THE 5TH
Irving Blue Sox batting - Pitching for Richland Rails : LHP Joe Kehoe
Batting: RHB Daniel Molina 0-0: Foul Ball, location: 2F
0-1: Swinging Strike
0-2: Strikes out looking
Batting: RHB Pat Lugo 0-0: Called Strike
0-1: Ball
1-1: Ball
2-1: SINGLE (Line Drive, 78M)
Batting: RHB Nathan Norris 0-0: Called Strike
0-1: Ball
1-1: Ball
2-1: Swinging Strike
2-2: Ball
3-2: Fielders Choice at 2nd, 5-4 (Groundball, 56)
Batting: RHB Dustin Johnstone 0-0: Ball
1-0: Called Strike
1-1: Ball
2-1: Ball
3-1: Fly out, F9 (Flyball, 89S)
Top of the 5th over - 0 run(s), 1 hit(s), 0 error(s), 1 left on base; Irving 1 - Richland 3
BOTTOM OF THE 5TH
Richland Rails batting - Pitching for Irving Blue Sox : LHP Jim Unknown
Batting: LHB Todd Williams 0-0: Ball
1-0: DOUBLE (Flyball, 89M)
Batting: LHB Chris Stoltzfus 0-0: SINGLE (Line Drive, 8LS)
Todd Williams to third
Runner from 3rd tries for Home, SAFE, no throw or cutoff
Batting: RHB Archie Green 0-0: Ball
1-0: Called Strike
1-1: Called Strike
1-2: Ball
2-2: Fly out, F3 (Popup, 23F)
Batting: RHB Larry Brown 0-0: Ball
1-0: Ball
2-0: Foul Ball, location: 2F
2-1: Foul Ball, location: 2F
2-2: Ball
3-2: Strikes out swinging
Chris Stoltzfus steals 2nd base
Batter strikes out.
Batting: RHB Gustavo Berrios 0-0: Ball
1-0: Ball
2-0: Ball
3-0: Called Strike
3-1: Swinging Strike
3-2: Foul Ball, location: 2F
3-2: Ground out 5-3 (Groundball, 56)
Bottom of the 5th over - 1 run(s), 2 hit(s), 0 error(s), 1 left on base; Irving 1 - Richland 4
TOP OF THE 6TH
Irving Blue Sox batting - Pitching for Richland Rails : LHP Joe Kehoe
Batting: RHB Jim Unknown 0-0: Fly out, F8 (Flyball, 8LM)
Batting: RHB Thomas Morris 0-0: Called Strike
0-1: Ball
1-1: Swinging Strike
1-2: SOLO HOME RUN (Flyball, 7LD), Distance : 334 ft
Pitching: RHP Rafael Flores
Batting: LHB Mathew Rose 0-0: Called Strike
0-1: Foul Ball, location: 2F
0-2: Ball
1-2: Fly out, F7 (Flyball, 7M)
Batting: SHB Ron Peterson 0-0: Ball
1-0: Called Strike
1-1: Foul Ball, location: 2F
1-2: Strikes out looking
Top of the 6th over - 1 run(s), 1 hit(s), 0 error(s), 0 left on base; Irving 2 - Richland 4
BOTTOM OF THE 6TH
Richland Rails batting - Pitching for Irving Blue Sox : LHP Jim Unknown
Batting: RHB Andrew Hall 0-0: Ball
1-0: Foul Ball, location: 2F
1-1: Ball
2-1: Fly out, F4 (Line Drive, 4)
Batting: SHB Shelby Reusch 0-0: Called Strike
0-1: Ball
1-1: Ground out 6-3 (Groundball, 6)
Batting: RHB Alexis Smeddon 0-0: Ball
1-0: Ball
2-0: Swinging Strike
2-1: Ball
3-1: SINGLE (Groundball, 6MD)
Batting: RHB Ramón Cruz 0-0: Ball
1-0: Called Strike
1-1: Foul Ball, location: 2F
1-2: Foul Ball, location: 2F
1-2: Strikes out swinging
Bottom of the 6th over - 0 run(s), 1 hit(s), 0 error(s), 1 left on base; Irving 2 - Richland 4
TOP OF THE 7TH
Irving Blue Sox batting - Pitching for Richland Rails : RHP Rafael Flores
Batting: RHB Tony Quintana 0-0: Swinging Strike
0-1: SINGLE (Groundball, 56D)
Batting: RHB Daniel Molina 0-0: Sac Bunt - play at first, batter OUT! 1-4
Tony Quintana to second
Batting: RHB Pat Lugo 0-0: Called Strike
0-1: Foul Ball, location: 2F
0-2: Strikes out swinging
Batting: RHB Nathan Norris 0-0: Foul Ball, location: 2F
0-1: Ball
1-1: Foul Ball, location: 2F
1-2: Fly out, F8 (Flyball, 8LS)
Top of the 7th over - 0 run(s), 1 hit(s), 0 error(s), 1 left on base; Irving 2 - Richland 4
BOTTOM OF THE 7TH
Richland Rails batting - Pitching for Irving Blue Sox : LHP Jim Unknown
Batting: LHB Todd Williams 0-0: Called Strike
0-1: Ball
1-1: Fly out, F9 (Flyball, 9S)
Batting: LHB Chris Stoltzfus 0-0: Ball
1-0: Ball
2-0: Ball
3-0: Called Strike
3-1: Fly out, F6 (Popup, 6M)
Batting: RHB Archie Green 0-0: Ball
1-0: SINGLE (Groundball, 6M)
Pitching: RHP Carlos Velázquez
Batting: RHB Larry Brown 0-0: Ball
1-0: Fly out, F7 (Flyball, 7LS)
Bottom of the 7th over - 0 run(s), 1 hit(s), 0 error(s), 1 left on base; Irving 2 - Richland 4
TOP OF THE 8TH
Irving Blue Sox batting - Pitching for Richland Rails : RHP Rafael Flores
Batting: RHB Dustin Johnstone 0-0: Ball
1-0: Ball
2-0: Called Strike
2-1: Ball
3-1: Base on Balls
Batting: RHB Jim Unknown 0-0: Swinging Strike
0-1: Ball
1-1: Called Strike
1-2: Ball
2-2: Strikes out looking
Pitching: RHP Roberto Gómez
Batting: RHB Thomas Morris 0-0: Ground out 5-3 (Groundball, 56S)
Dustin Johnstone to second
Pitching: LHP Daniel León
Batting: LHB Mathew Rose 0-0: Ball
1-0: Foul Ball, location: 2F
1-1: Ball
2-1: SINGLE (Line Drive, 56D)
Dustin Johnstone to third
Runner from 3rd tries for Home, SAFE, no throw or cutoff
Pitching: RHP Horace McKenzie
Pinch Hitting: LHB Will Sherman 0-0: Ball
1-0: Ball
2-0: Ball
3-0: Called Strike
3-1: Foul Ball, location: 2F
3-2: Fly out, F8 (Flyball, 8RM)
Top of the 8th over - 1 run(s), 1 hit(s), 0 error(s), 1 left on base; Irving 3 - Richland 4
BOTTOM OF THE 8TH
Richland Rails batting - Pitching for Irving Blue Sox : RHP Carlos Velázquez
Now in LF: Will Sherman
Batting: RHB Gustavo Berrios 0-0: Called Strike
0-1: Ball
1-1: Swinging Strike
1-2: Strikes out swinging
Batting: RHB Andrew Hall 0-0: Ball
1-0: Swinging Strike
1-1: Foul Ball, location: 2F
1-2: Ball
2-2: Strikes out swinging
Batting: SHB Shelby Reusch 0-0: Ball
1-0: Swinging Strike
1-1: Ball
2-1: Swinging Strike
2-2: Foul Ball, location: 2F
2-2: Foul Ball, location: 2F
2-2: Ball
3-2: Base on Balls
Pinch Hitting: SHB Alfonso Torres 0-0: Ball
1-0: Ball
2-0: Called Strike
2-1: Ball
3-1: Called Strike
3-2: SINGLE (Line Drive, 89M)
Shelby Reusch to second
Shelby Reusch to third
Batting: RHB Ramón Cruz 0-0: Swinging Strike
0-1: Swinging Strike
0-2: Ball
1-2: Ball
2-2: Fly out, F7 (Line Drive, 7M)
Bottom of the 8th over - 0 run(s), 1 hit(s), 0 error(s), 2 left on base; Irving 3 - Richland 4
TOP OF THE 9TH
Irving Blue Sox batting - Pitching for Richland Rails : RHP Horace McKenzie
Pitching: RHP Barry Jones
Now at 2B: Miguel Vidro
Pinch Hitting: LHB Mark Crawford 0-0: Foul Ball, location: 2F
0-1: Swinging Strike
0-2: Hit by Pitch
Batting: RHB Daniel Molina 0-0: Sac Bunt - play at first, batter OUT! 5-4
Mark Crawford to second
Pinch Hitting: LHB Raymond Thomas 0-0: Ball
1-0: Ball
2-0: Ball
3-0: Base on Balls
Pinch Hitting: RHB Cal Robinson 0-0: Called Strike
0-1: Ball
Wild Pitch!
Mark Crawford to third
Raymond Thomas to second
1-1: Called Strike
1-2: Strikes out swinging
Batting: RHB Dustin Johnstone 0-0: Called Strike
0-1: Ball
1-1: Foul Ball, location: 2F
1-2: Strikes out looking
Top of the 9th over - 0 run(s), 0 hit(s), 0 error(s), 2 left on base; Irving 3 - Richland 4
This league is powered by Out of the Park Baseball, the baseball management simulation game for PC, Mac and Linux
Saturday, February 27th, 2021 - OOTP Baseball 15.6 Build 34